 Dungeon Crawl Stone Soup version 0.30.0-29-ga12c61a403 (webtiles) character file.

Game seed: 17483888235538575520

328 qw the Chopper (level 6, 0/38 HPs)
             Began as a Gargoyle Fighter on June 4, 2023.
             Slain by an orc wizard
             ... wielding a +0 dagger
              (3 damage)
             ... on level 4 of the Dungeon.
             The game lasted 00:01:43 (2990 turns).

qw the Chopper (Gargoyle Fighter)                   Turns: 2990, Time: 00:01:43

Health: 0/38       AC: 15    Str: 22    XL:     6   Next: 50%
Magic:  6/6        EV:  8    Int:  8    God:
Gold:   123        SH:  4    Dex:  9    Spells: 5/5 levels left

rFire   . . .        Y - +1 war axe (venom)
rCold   . . .        c - +0 buckler
rNeg    + . .        j - +0 chain mail
rPois   inf          o - +2 hat
rElec   +            (no cloak)
rCorr   .            (no gloves)
SInv    .            (no boots)
Will    .....        (no amulet) Stlth
                     (no ring)
HPRegen 0.26/turn    (no ring)
MPRegen 0.10/turn

%: no passive effects
@: about to teleport
A: sickness immunity, AC +4, negative energy resistance 1, electricity
resistance, torment resistance 1, petrification resistance
a: no special abilities


You were on level 4 of the Dungeon.
You visited 1 branch of the dungeon, and saw 4 of its levels.

You collected 123 gold pieces.


Innate Abilities, Weirdness & Mutations

You are immune to sickness and miasma.
Your stone body is resilient. (AC +4)
You are immune to poison.
You resist negative energy. (rN+)
You are resistant to electric shocks. (rElec)
You are resistant to unholy torment.
You are immune to petrification.


   Skills:
 - Level 4.1 Fighting
 + Level 5.5 Axes
 - Level 1.0 Throwing
 - Level 3.2 Armour
 - Level 3.2 Shields


You had 5 spell levels left.
You didn't know any spells.
Your spell library was empty.

Inventory:

Hand Weapons
 e - a +0 flail
 Y - a +1 war axe of venom (weapon)
Armour
 c - a +0 buckler (worn)
 j - a +0 chain mail (worn)
 o - a +2 hat (worn)
Jewellery
 f - the ring "Duhothofom" {rElec rF- Will+ MP+9}
   (You found it on level 3 of the Dungeon)

   [ring of willpower]

   rF:        It makes you vulnerable to fire.
   rElec:     It insulates you from electricity.
   MP:        It affects your magic capacity (+9).
   Will:      It increases your willpower.
Scrolls
 a - a scroll of identify
Potions
 d - 2 potions of might
 i - a potion of haste
 k - a potion of mutation
 m - a potion of attraction {unknown}
 q - a potion of degeneration {unknown}

Dungeon Overview and Level Annotations

Branches:
Dungeon (4/15)
 Temple: D:4-7

Altars:
Dithmenos


Message History

Beogh smites you!
The orc wizard gestures at you while chanting.
You resist with significant effort. You block the orc wizard's attack.
The orc wizard hits you but does no damage.
The orc wizard gestures at you while chanting.
The magic dart hits you!
The orc priest hits you from afar with a +0 trident.
You closely miss the orc wizard.
The orc wizard is severely wounded.
You completely miss the orc wizard.
You kill the orc wizard!
The orc wizard casts a spell at you.
You are confused.
The orc wizard casts a spell.
The orc wizard flickers and vanishes!
Deactivating autopickup; reactivate with Ctrl-A.
The orc priest hits you but does no damage.
2987 ||| DRINKING potion of curing.
You feel better.
2987 ||| (to cure confusion)
You feel your willpower return.
The orc priest invokes the aid of Beogh against you.
Beogh smites you!
You hear some strange, mumbled words.
A magic dart appears from out of thin air!
The magic dart hits you.
2988 ||| READING scroll of teleportation.
As you read the scroll of teleportation, it crumbles to dust.
You feel strangely unstable. Something hits you but does no damage.
The orc priest hits you but does no damage.
The orc wizard gestures at you while chanting.
You resist with some effort.
You closely miss the orc wizard. You miss something.
Reactivating autopickup.
You feel a bit more experienced.
The orc priest looks satisfied for a moment.
The orc wizard hits you with a +0 dagger.
You barely miss the orc wizard.
The orc wizard hits you with a +0 dagger.
You die...

##### .....
......
<.....
#####......
#..........
#...)......
#<.@o......
#..))......
#...o####+#
#....#
#....#
#....#
#....#
##...#


You could see an orc priest and an orc wizard.

Vanquished Creatures
  A hound (D:2)
  Jessica (D:3)
  2 orc wizards (D:4)
  11 gnolls (D:3)
  3 adders
  A dart slug (D:1)
  4 orcs
  4 ball pythons
  5 bats
  8 endoplasms
  3 giant cockroaches
  8 goblins
  6 hobgoblins
  10 jackals
  7 kobolds
  A quokka (D:1)
  4 frilled lizards
  A rat (D:2)
80 creatures vanquished.

Notes
Turn   | Place    | Note
-------+----------+-------------------------------------------
     0 | D:1      | qw the Gargoyle Fighter began the quest for the Orb.
     0 | D:1      | Reached XP level 1. HP: 14/14 MP: 1/1
     0 | D:1      | 0 ||| qw: Version: 0.2-a-106-g05974ce
     0 | D:1      | 0 ||| qw: Game counter: 1141
     0 | D:1      | 0 ||| qw: Always use a shield: true
     0 | D:1      | 0 ||| qw: God list: Okawaru
     0 | D:1      | 0 ||| qw: Allow faded altars: false
     0 | D:1      | 0 ||| qw: Do Orc after D:15 true
     0 | D:1      | 0 ||| qw: Do second Lair branch before Depths: true
     0 | D:1      | 0 ||| qw: Lair rune preference: random
     0 | D:1      | 0 ||| qw: Plans: Normal, Zot:1-4, Slime:5, God:TSO, Crypt,
                  | Tomb, Abyss, Pan, Hells, Win
     0 | D:1      | 0 ||| PLANNING D:1-11
   141 | D:1      | 141 ||| Stepping ~*~*~tactically~*~*~ (stealth).
   148 | D:1      | Reached skill level 2 in Axes
   172 | D:1      | 172 ||| Stepping ~*~*~tactically~*~*~ (stealth).
   179 | D:1      | Reached XP level 2. HP: 19/19 MP: 2/2
   204 | D:1      | 204 ||| Stepping ~*~*~tactically~*~*~ (stealth).
   231 | D:1      | 231 ||| Stepping ~*~*~tactically~*~*~ (stealth).
   233 | D:1      | 233 ||| Stepping ~*~*~tactically~*~*~ (hiding).
   244 | D:1      | Reached skill level 3 in Axes
   249 | D:1      | 249 ||| Stepping ~*~*~tactically~*~*~ (hiding).
   251 | D:1      | Reached XP level 3. HP: 23/23 MP: 3/3
   260 | D:1      | 260 ||| Stepping ~*~*~tactically~*~*~ (stealth).
   261 | D:1      | 261 ||| Stepping ~*~*~tactically~*~*~ (stealth).
   263 | D:1      | 263 ||| Stepping ~*~*~tactically~*~*~ (hiding).
   264 | D:1      | 264 ||| Stepping ~*~*~tactically~*~*~ (hiding).
   265 | D:1      | 265 ||| Stepping ~*~*~tactically~*~*~ (hiding).
   533 | D:1      | 533 ||| Stepping ~*~*~tactically~*~*~ (stealth).
   534 | D:1      | 534 ||| Stepping ~*~*~tactically~*~*~ (stealth).
   555 | D:1      | 555 ||| FLEEEEING.
   557 | D:1      | 557 ||| FLEEEEING.
   558 | D:1      | 558 ||| FLEEEEING.
   560 | D:1      | 560 ||| FLEEEEING.
   561 | D:1      | 561 ||| FLEEEEING.
   562 | D:1      | 562 ||| FLEEEEING.
   563 | D:1      | 563 ||| FLEEEEING.
   564 | D:1      | 564 ||| FLEEEEING.
   565 | D:1      | 565 ||| FLEEEEING.
   566 | D:1      | 566 ||| FLEEEEING.
   567 | D:1      | 567 ||| FLEEEEING.
   570 | D:1      | 570 ||| FLEEEEING.
   571 | D:1      | 571 ||| FLEEEEING.
   572 | D:1      | 572 ||| FLEEEEING.
   573 | D:1      | 573 ||| FLEEEEING.
   574 | D:1      | 574 ||| FLEEEEING.
   575 | D:1      | 575 ||| FLEEEEING.
   919 | D:1      | 919 ||| UPGRADING to +2 hat.
   924 | D:1      | 924 ||| DROPPING ring of flight.
   925 | D:1      | 925 ||| READING 2 scrolls labelled TICUWY FONONK.
   926 | D:1      | 926 ||| READING scroll labelled DIVISI PAOSMUKH.
   927 | D:1      | 927 ||| READING scroll labelled QABLUNA COOSCH.
   928 | D:1      | 928 ||| READING scroll labelled REGUDU OMNI.
   929 | D:1      | 929 ||| READING scroll labelled SOKAPHI RYULYK.
   930 | D:1      | 930 ||| READING scroll labelled MID LUHAHALU.
   931 | D:1      | 931 ||| DRINKING 2 fizzy cyan potions.
   935 | D:1      | 935 ||| DROPPING potion of ambrosia.
  1014 | D:2      | Reached skill level 1 in Throwing
  1050 | D:2      | 1050 ||| DROPPING +0 club.
  1125 | D:2      | Reached skill level 4 in Axes
  1125 | D:2      | Reached XP level 4. HP: 22/28 MP: 4/4
  1285 | D:2      | 1285 ||| Stepping ~*~*~tactically~*~*~ (stealth).
  1287 | D:2      | 1287 ||| Stepping ~*~*~tactically~*~*~ (stealth).
  1288 | D:2      | 1288 ||| Stepping ~*~*~tactically~*~*~ (stealth).
  1700 | D:2      | 1700 ||| DROPPING ring of wizardry.
  1701 | D:2      | 1701 ||| READING scroll labelled OROCVYUTOX.
  1705 | D:2      | 1705 ||| READING scroll labelled IXASOGG SEUDO.
  1793 | D:3      | 1793 ||| Stepping ~*~*~tactically~*~*~ (hiding).
  1801 | D:3      | Reached XP level 5. HP: 18/32 MP: 5/5
  1805 | D:3      | HP: 4/32 [gnoll/+0 spear (6)]
  1837 | D:3      | 1837 ||| FLEEEEING.
  1838 | D:3      | 1838 ||| FLEEEEING.
  1839 | D:3      | 1839 ||| FLEEEEING.
  1842 | D:3      | 1842 ||| FLEEEEING.
  1843 | D:3      | 1843 ||| FLEEEEING.
  1848 | D:3      | 1848 ||| FLEEEEING.
  1857 | D:3      | 1857 ||| FLEEEEING.
  1863 | D:3      | 1863 ||| FLEEEEING.
  1864 | D:3      | 1864 ||| FLEEEEING.
  1865 | D:3      | 1865 ||| FLEEEEING.
  1872 | D:3      | 1872 ||| STAIRDANCE
  1941 | D:3      | 1941 ||| DROPPING +1 mace of protection.
  1961 | D:3      | Noticed Jessica
  1962 | D:3      | Identified the ring "Duhothofom" {rElec rF- Will+ MP+9}
  1963 | D:3      | 1963 ||| Stepping ~*~*~tactically~*~*~ (hiding).
  1964 | D:3      | 1964 ||| Stepping ~*~*~tactically~*~*~ (hiding).
  1965 | D:3      | 1965 ||| Stepping ~*~*~tactically~*~*~ (hiding).
  2185 | D:3      | 2185 ||| FLEEEEING.
  2186 | D:3      | 2186 ||| FLEEEEING.
  2187 | D:3      | 2187 ||| FLEEEEING.
  2215 | D:3      | Killed Jessica
  2216 | D:3      | Reached skill level 5 in Axes
  2246 | D:3      | 2246 ||| UPGRADING to +0 chain mail.
  2251 | D:3      | 2251 ||| UPGRADING to +0 scale mail.
  2256 | D:3      | 2256 ||| UPGRADING to +0 chain mail.
  2266 | D:3      | 2266 ||| DROPPING +0 scale mail.
  2434 | D:3      | Found a shadowy altar of Dithmenos.
  2529 | D:3      | 2529 ||| Stepping ~*~*~tactically~*~*~ (hiding).
  2537 | D:3      | Reached XP level 6. HP: 36/38 MP: 6/6
  2550 | D:3      | 2550 ||| Stepping ~*~*~tactically~*~*~ (hiding).
  2676 | D:3      | 2676 ||| Stepping ~*~*~tactically~*~*~ (stealth).
  2677 | D:3      | 2677 ||| Stepping ~*~*~tactically~*~*~ (stealth).
  2683 | D:3      | 2683 ||| READING scroll labelled GOLE ZUUZ BEUNYH.
  2844 | D:3      | 2844 ||| Stepping ~*~*~tactically~*~*~ (water).
  2944 | D:3      | 2944 ||| READING scroll labelled DUWNESO BYUCK.
  2945 | D:3      | 2945 ||| READING 5 scrolls of identify.
  2945 | D:3      | 2945 ||| IDENTIFYING brown potion
  2946 | D:3      | 2946 ||| READING 4 scrolls of identify.
  2946 | D:3      | 2946 ||| IDENTIFYING fuming purple potion
  2947 | D:3      | 2947 ||| READING 3 scrolls of identify.
  2947 | D:3      | 2947 ||| IDENTIFYING bubbling inky potion
  2948 | D:3      | 2948 ||| READING 2 scrolls of identify.
  2948 | D:3      | 2948 ||| IDENTIFYING fuming red potion
  2949 | D:3      | 2949 ||| DROPPING potion of flight.
  2987 | D:4      | 2987 ||| DRINKING potion of curing.
  2987 | D:4      | 2987 ||| (to cure confusion)
  2987 | D:4      | HP: 5/38 [orc priest/divine providence (16)]
  2988 | D:4      | 2988 ||| READING scroll of teleportation.
  2989 | D:4      | HP: 2/38 [orc wizard/+0 dagger (2)]
  2990 | D:4      | Slain by an orc wizard

Levels and vault maps discovered:
D:1:      onia_arrival_mini_spirals, layout_basic, serial_glass,
          glass_columns_a, glass_columns_c, minmay_heptomino_h4
D:2:      layout_loops_cross
D:3:      lemuel_castle_with_subvaults [lemuel_castle_interior_carwin_3],
          layout_loops_ring, nicolae_dithmenos_through_a_glass_darkly,
          uniq_jessica
D:4:      minmay_general_purpose_star, layout_gridville,
          mainiacjoe_overflow_divided_tiny, minmay_temple_entry_waves,
          uniq_robin, uniq_natasha, uniq_menkaure

Skill      XL: |  1  2  3  4  5 |
---------------+----------------+-----
Axes           | 2 3 4 5 |  5.5
Throwing       | 1 |  1.0
Fighting       | 4 |  4.1
Armour         | |  3.2
Shields        | |  3.2

Action                     |  1- 3 |  4- 6 || total
---------------------------+-------+-------++-------
  Melee: War axe           |    94 |   107 ||   201
  Throw: Javelin           |    20 |    13 ||    33
    Use: Scroll            |     6 |     9 ||    15
         Potion            |     1 |     1 ||     2
 Armour: Scale mail        |    52 |    17 ||    69
         Chain mail        |       |    36 ||    36
  Dodge: Dodged            |    47 |    45 ||    92
  Block: Buckler           |    16 |    13 ||    29

Table legend:
 A = Non-vault XP
 B = Vault XP
 C = Vault XP percentage of total XP
 D = Non-vault monster count
 E = Vault monster count
 F = Vault count percentage of total count
                 A         B        C        D         E       F
            +---------+---------+-------+---------+---------+-------
      Total |     314 |     155 |  33.0 |      62 |      18 |  22.5
            +---------+---------+-------+---------+---------+-------
        D:1 |      49 |       6 |  10.9 |      26 |       4 |  13.3
        D:2 |     100 |       0 |   0.0 |      20 |       0 |   0.0
        D:3 |      88 |     149 |  62.9 |      13 |      14 |  51.9
        D:4 |      77 |       0 |   0.0 |       3 |       0 |   0.0
            +---------+---------+-------+---------+---------+-------
